 Dungeon Crawl Stone Soup version 0.28.0-49-g6dfe1f597d (webtiles) character file.

Game seed: 16040734863278196300

5631 enile the Changer (level 10, -10/85 HPs)
             Began as an Octopode Transmuter on May 20, 2022.
             Was an Initiate of Gozag.
             Collided with a metal wall (11 damage)
             ... caused by a rakshasa (illusionary)
             ... on level 8 of the Dungeon.
             The game lasted 00:22:25 (14129 turns).

enile the Changer (Octopode Transmuter)            Turns: 14129, Time: 00:22:25

Health: -10/85     AC:  7    Str: 10    XL:     10   Next: 74%
Magic:  0/13       EV: 13    Int: 17    God:    Gozag
Gold:   1024       SH:  0    Dex: 15    Spells: 3/13 levels left

rFire   x . .      SeeInvis .     - Unarmed
rCold   + + +      Faith    .   (shield currently unavailable)
rNeg    . . .      Spirit   +   (helmet currently unavailable)
rPois   +          Reflect  .   M - amulet of guardian spirit
rElec   .          Harm     .   m - ring of willpower
rCorr   .          Rampage  .   q - ring of flight
Will    ++...                   v - ring of protection from cold
Stlth   ++........              y - ring of willpower
HPRegen 0.24/turn               (no ring)
MPRegen 0.13/turn               (no ring)
                                (no ring)
                                (no ring)

@: ice-form, flying, studying Unarmed Combat
A: freezing attack, boosted hp, almost no armour, amphibious, 8 rings, large,
(camouflage 1), (gelatinous body 1), (nimble swimmer 1), (tentacles)
a: End Transformation, Renounce Religion, Potion Petition, Call Merchant, Bribe
Branch


You were on level 8 of the Dungeon.
You worshipped Gozag.
Gozag was most pleased with you.
You were a creature of crystalline ice.
You visited 1 branch of the dungeon, and saw 8 of its levels.
You also visited: Sewer and Ossuary.

You collected 1323 gold pieces.
You paid 299 gold pieces to Gozag.

Inventory:

Hand Weapons
 f - a +1 hand axe
 i - a +0 short sword
 j - the +3 mace of Turmoil {vorpal, Dex+2}
   (You found it on level 2 of the Dungeon)

   It inflicts extra damage upon your enemies.
   Dex:       It affects your dexterity (+2).
 A - a +2 short sword of protection
 F - a +4 hand axe of flaming (melded)
 O - a +3 hand axe of freezing
Missiles
 a - 8 poisoned darts (quivered)
Armour
 G - a +0 buckler (melded)
 I - an orb of guile
Jewellery
 m - a ring of willpower (left front paw)
 q - a ring of flight (right front paw)
 v - a ring of protection from cold (on tentacle)
 y - a ring of willpower (on tentacle)
 M - an amulet of guardian spirit (around neck)
Wands
 E - a wand of polymorph (5)
 L - a wand of iceblast (2)
Scrolls
 c - 2 scrolls of torment
 d - 3 scrolls of vulnerability
 g - 2 scrolls of magic mapping
 k - a scroll of noise
 p - a scroll of teleportation
 r - 2 scrolls of enchant armour
 x - 2 scrolls of summoning
 H - a scroll of blinking
Potions
 b - 3 potions of haste
 e - 2 potions of invisibility
 h - 2 potions of brilliance {unknown}
 l - 2 potions of flight
 n - 2 potions of degeneration {unknown}
 o - 3 potions of heal wounds {unknown}
 s - 3 potions of ambrosia {unknown}
 w - 2 potions of cancellation {unknown}
 z - 3 potions of might {unknown}
 B - a potion of mutation {unknown}
 D - 2 potions of berserk rage {unknown}
 J - 4 potions of attraction {unknown}
 N - a potion of curing


   Skills:
 - Level 7.0 Fighting
 - Level 3.4(4.0) Axes
 - Level 3.0(3.7) Maces & Flails
 - Level 7.0 Dodging
 - Level 3.0 Stealth
 - Level 3.0 Shields
 - Level 3.0 Unarmed Combat
 - Level 2.0 Spellcasting
 + Level 7.7 Transmutations
 - Level 5.0 Ice Magic
 - Level 0.3 Poison Magic
 - Level 6.0 Evocations


You had 3 spell levels left.
You knew the following spells:

 Your Spells              Type           Power      Damage    Failure   Level
a - Beastly Appendage     Tmut           56%        N/A       1%          1
b - Wereblood             Tmut           28%        N/A       1%          2
c - Spider Form           Tmut/Pois      15%        N/A       11%         3
d - Ice Form              Ice/Tmut       23%        N/A       14%         4

Your spell library contained the following spells:

 Spells                   Type           Power      Damage    Failure   Level
 Ignite Poison            Fire/Tmut/Pois 10%        N/A       19%         3
 Sublimation of Blood     Necr           1%         N/A       28%         2
 Gell's Gravitas          Tloc           1%         N/A       50%         3
 Summon Guardian Golem    Hex/Summ       1%         N/A       50%         3
 Teleport Other           Tloc           1%         N/A       50%         3
 Summon Ice Beast         Ice/Summ       10%        N/A       56%         4
 Alistair's Intoxication  Tmut/Pois      10%        N/A       71%         5
 Animate Dead             Necr           0%         N/A       88%         4
 Borgnjor's Vile Clutch   Necr/Erth      0%         N/A       99%         5
 Lee's Rapid Deconstruct  Erth           0%         3d5*      99%         5
 Summon Mana Viper        Hex/Summ       1%         N/A       99%         5
 Death Channel            Necr           0%         N/A       100%        6
 Dispersal                Tloc           0%         N/A       100%        6
 Monstrous Menagerie      Summ           0%         N/A       100%        7
 Orb of Destruction       Conj           0%         9d5       100%        7
 Spellforged Servitor     Conj/Summ      0%         N/A       100%        7
 Summon Hydra             Summ           0%         N/A       100%        7


Dungeon Overview and Level Annotations

Branches:
Dungeon (8/15)             Temple (0/1) D:5           Sewer (visited)
Ossuary (visited)
   Lair: D:8-11

Altars:
Ashenzari
Gozag
Nemelex Xobeh
Okawaru
Ru
Vehumet
Yredelemnul
Zin
The Shining One

Portals:
Abyss: D:6

Annotations:
D:6 2 transporters, hawla's ghost, novice FeFE
D:7 3 runed translucent doors, bnorton916's ghost, novice GnWn
D:8 1 runed translucent door


Innate Abilities, Weirdness & Mutations

You are a creature of crystalline ice.
You have a powerful freezing melee attack.
Your maximum health is increased.
Your armour is entirely melded.
You are incapable of wielding weapons or throwing items.
You cannot wear most types of armour.
You are amphibious.
You can wear up to eight rings at the same time.
((Your skin changes colour to match your surroundings (Stealth+).))
((Your rubbery body absorbs attacks. (AC +1, EV +1)))
((You are camouflaged when in or above water. (Stealth+)))
((You have tentacles for arms and can constrict up to eight enemies at once.))


Message History

Press: ? - help, Shift-Dir - straight line, f/p - rakshasa
Aim: a rakshasa, wielding a +0 long sword and wearing a +0 robe (moderately wounded)
The mass of ice explodes!
The iceblast engulfs the rakshasa!
The rakshasa is severely wounded.
The injured rakshasa weaves a defensive illusion!
You closely miss the rakshasa.
The rakshasa is heavily wounded.
The rakshasa gestures at you. The lance of force misses you.
The rakshasa blinks! x2
You barely miss the rakshasa.
The rakshasa is heavily wounded.
The rakshasa gestures at you. The lance of force hits you!!
You are knocked back by the lance of force.
You slam into the metal wall!
You hit the rakshasa. You freeze the rakshasa.
The rakshasa is severely wounded.
The rakshasa hits you with a +0 long sword.
You hit the rakshasa but do no damage.
The rakshasa is severely wounded.
The rakshasa hits you with a +0 long sword!
Okay, then.
Casting: Ice Form (dangerous; 14% risk of failure)
Confirm with . or Enter, or press ? or * to list all spells.
Okay, then.
You barely miss the rakshasa.
The rakshasa is heavily wounded.
The rakshasa hits you with a +0 long sword!
Okay, then.
Aiming: Iceblast
Press: ? - help, Shift-Dir - straight line, f - rakshasa
Aim: a rakshasa, wielding a +0 long sword and wearing a +0 robe (heavily wounded)
Okay, then.
The rakshasa gestures at you. The lance of force hits you!!
* * * LOW HITPOINT WARNING * * *
You are knocked back by the lance of force.
You slam into the metal wall!
You die...
Your body crumbles into a pile of gold.

####...##(# ..
......# #......#.#R
. ##....##. .#
###..#?# #R ###
##.##( #R##
##.###..#.# #.#
....##.##. #.##
....#..# ##.#
......## ####Y#
....#########...##
..###..#).##.##..#
###.......#...#..#
#....#..##..#..###
..# #...#..###..##
.# #.#.#..## ##..#
..#.#..##..###..#.#
#....#.###..#..##.#+


You could see 3 rakshasas.

Vanquished Creatures
  Maurice (D:8)
  Maggie (D:6)
  Sigmund (D:5)
  A yak (D:8)
  Eustachio (D:6)
  A steam dragon (D:7)
  2 vampire mosquitoes (D:8)
  2 water moccasins
  Pargi (Sewer)
  An ice beast (D:8)
  A black bear (D:5)
  An orc warrior (D:7)
  2 ogres
  4 centaurs
  A phantom (D:4)
  A kobold brigand (D:8)
  5 bullfrogs
  A gnoll sergeant (D:8)
  A wyvern zombie (D:7)
  11 scorpions
  A water moccasin zombie (D:5)
  A wyvern skeleton (D:5)
  A water moccasin skeleton (D:7)
  Dowan (D:6)
  5 wights (D:7)
  2 howler monkeys
  4 centaur zombies
  A bullfrog zombie (D:6)
  2 hounds (D:5)
  2 human zombies (Ossuary)
  3 orc priests (D:7)
  2 centaur skeletons
  A jelly (D:5)
  Crazy Yiuf (D:6)
  Jessica (D:2)
  A bullfrog skeleton (D:7)
  3 iguanas
  4 scorpion zombies (Ossuary)
  Natasha (thrice) (D:3)
  4 orc wizards
  3 mummies (Ossuary)
  8 gnolls
  6 adders
  A shadow imp (D:8)
  2 white imps
  An ufetubus (D:5)
  4 dart slugs
  15 orcs
  7 ball pythons
  6 endoplasms
  4 giant cockroaches
  7 goblins
  5 hobgoblins
  4 jackals (D:2)
  2 quokkas (D:4)
  3 bats
  5 frilled lizards
  A goblin zombie (Ossuary)
  A hobgoblin zombie (Ossuary)
  A jackal zombie (D:4)
  9 kobolds
  3 kobold zombies (Ossuary)
  5 orc zombies (Ossuary)
  8 rats
194 creatures vanquished.

Notes
Turn   | Place    | Note
-------+----------+-------------------------------------------
     0 | D:1      | enile the Octopode Transmuter began the quest for the Orb.
     0 | D:1      | Reached XP level 1. HP: 13/13 MP: 3/3
   259 | D:1      | Reached XP level 2. HP: 18/18 MP: 5/5
   711 | D:1      | Found a faded altar of an unknown god.
   739 | D:1      | Prayed at the altar of an unknown god.
   739 | D:1      | Became a worshipper of the Shining One
   739 | D:1      | Reached * piety under the Shining One
  1103 | D:2      | Noticed Jessica
  1114 | D:2      | Killed Jessica
  1115 | D:2      | Reached XP level 3. HP: 23/23 MP: 4/6
  1181 | D:2      | Learned a level 2 spell: Wereblood
  1222 | D:2      | Reached XP level 4. HP: 21/28 MP: 5/7
  1388 | D:2      | Identified the +3 mace of Turmoil {vorpal, Dex+2}
  2077 | D:3      | Found a glowing silver altar of Zin.
  2324 | D:3      | Found an iron altar of Okawaru.
  2488 | D:3      | Noticed Natasha
  2492 | D:3      | Killed Natasha
  2493 | D:3      | Reached XP level 5. HP: 25/36 MP: 8/8
  2607 | D:3      | Found a radiant altar of Vehumet.
  2690 | D:3      | Noticed Natasha
  2695 | D:3      | Killed Natasha
  2839 | D:3      | Noticed Natasha
  2846 | D:3      | Killed Natasha
  3113 | D:4      | Found an opulent altar of Gozag.
  3119 | D:4      | Reached XP level 6. HP: 42/42 MP: 9/9
  3403 | D:4      | Fell from the grace of the Shining One
  3403 | D:4      | Became a worshipper of Gozag Ym Sagoz the Greedy
  3471 | D:4      | Found a sand-covered staircase.
  3495 | Ossuary  | Entered an ossuary
  3781 | Ossuary  | Reached XP level 7. HP: 49/49 MP: 8/10
  3786 | Ossuary  | Reached skill level 5 in Fighting
  3858 | Ossuary  | Reached skill level 1 in Maces & Flails
  4586 | Ossuary  | Reached skill level 5 in Transmutations
  4592 | Ossuary  | Reached XP level 8. HP: 55/55 MP: 11/11
  4798 | Ossuary  | Learned a level 3 spell: Spider Form
  5912 | D:4      | Found a sparkling altar of Nemelex Xobeh.
  5912 | D:4      | Found a basalt altar of Yredelemnul.
  6581 | D:5      | Entered Level 5 of the Dungeon
  6609 | D:5      | Found a glowing drain.
  6633 | Sewer    | Entered a sewer
  6675 | Sewer    | Noticed Pargi
  6700 | Sewer    | Killed Pargi
  6918 | Sewer    | Learned a level 4 spell: Ice Form
  7057 | D:5      | Reached skill level 1 in Ice Magic
  7325 | D:5      | Found a staircase to the Ecumenical Temple.
  7339 | D:5      | Reached XP level 9. HP: 55/64 MP: 5/12
  7992 | D:5      | Noticed Sigmund
  8009 | D:5      | Killed Sigmund
  8010 | D:5      | Reached skill level 5 in Ice Magic
  8297 | D:6      | Noticed Maggie
  8305 | D:6      | Noticed Eustachio
  8509 | D:6      | Noticed an ancient zyme
  9288 | D:6      | Killed Eustachio
  9289 | D:6      | Reached skill level 5 in Dodging
  9386 | D:6      | Noticed Duvessa
  9432 | D:6      | Killed Maggie
  9757 | D:6      | Noticed Dowan
  9805 | D:6      | Found a transporter.
  9823 | D:6      | Found a one-way gate to the infinite horrors of the Abyss.
  9823 | D:6      | Noticed hawla's ghost (novice FeFE)
  9843 | D:6      | Killed Dowan
  9864 | D:6      | Found a transporter.
 10026 | D:6      | Noticed Duvessa
 10026 | D:6      | Duvessa changed into Duvessa the centaur
 10035 | D:6      | Killed Duvessa the centaur
 10036 | D:6      | Reached skill level 1 in Shields
 10314 | D:6      | Found a runed translucent door.
 10315 | D:6      | Noticed Crazy Yiuf
 10379 | D:6      | Found a sacrificial altar of Ru.
 10528 | D:6      | Killed Crazy Yiuf
 10593 | D:7      | Found a runed translucent gate.
 10593 | D:7      | Found a runed translucent gate.
 10593 | D:7      | Found a runed translucent gate.
 10658 | D:7      | Reached skill level 1 in Evocations
 11139 | D:7      | Reached XP level 10. HP: 48/71 MP: 10/13
 11526 | D:7      | Reached skill level 5 in Evocations
 12143 | D:7      | Found a broken altar of Ashenzari.
 12331 | D:7      | Noticed bnorton916's ghost (novice GnWn)
 12387 | D:7      | Reached skill level 1 in Axes
 13199 | D:8      | Noticed a rakshasa
 13238 | D:8      | Noticed Maurice
 14091 | D:8      | Got the Catalogue of Transmigration and Earth
 14095 | D:8      | Found a runed translucent door.
 14120 | D:8      | Killed Maurice
 14129 | D:8      | HP: 1/85 [rakshasa (illusionary)/lance of force (28)]
 14129 | D:8      | Collided with a metal wall

Illustrated notes

Levels and vault maps discovered:
D:1:      lightli_arrival_flooded_house, layout_loops_ring,
          chequers_ecumenical_altar_twisty, lemuel_old_faithful
D:2:      layout_basic, uniq_jessica
D:3:      layout_basic, nicolae_overflow_hidden_temple,
          nicolae_vehumet_altar_sigil, zin_academy, uniq_natasha
D:4:      old_forge, layout_cave_pods, nicolae_gozag_seed_capital,
          gammafunk_temple_overflow_pools, enter_ossuary_3
D:5:      layout_loops_ring, minmay_temple_entry_tees, portal_sewer_entry_b,
          uniq_sigmund
D:6:      layout_cave_pools, nicolae_ru_great_annihilating_truth,
          gammafunk_ghost_abyssal_escape, uniq_duvessa, uniq_eustachio,
          uniq_maggie, uniq_crazy_yiuf_cottage
D:7:      layout_loops_ring, old_standard_altar, gammafunk_ghost_icy,
          minmay_misc_feat_ornament, minmay_strange_pillars
D:8:      minmay_the_grid_four_pointed_star
          [minmay_the_grid_triangle_9x9_limited_checkers,
          minmay_the_grid_triangle_9x9_thin_v,
          minmay_the_grid_triangle_9x9_fully_insulated_deathbox,
          minmay_the_grid_triangle_9x9_descending_squares,
          minmay_the_grid_prize_four_corners_diamond_a], layout_cave_pods,
          regret_index_temple_of_mockery, uniq_gastronok, uniq_maurice

Skill      XL: |  1  2  3  4  5  6  7  8  9 10 |
---------------+-------------------------------+-----
Transmutations | 3 4 5 6 7 |  7.7
Fighting       | 3 4 5 7 |  7.0
Dodging        | 3 4 7 |  7.0
Maces & Flails | 3 |  3.0
Stealth        | 3 |  3.0
Ice Magic      | 3 5 |  5.0
Shields        | 3 |  3.0
Evocations     | 3 6 |  6.0
Axes           | 3 |  3.4
Unarmed Combat | |  3.0
Spellcasting   | |  2.0
Poison Magic   | |  0.3

Action                   |  1- 3 |  4- 6 |  7- 9 | 10-12 || total
-------------------------+-------+-------+-------+-------++-------
Melee: Unarmed           |     7 |       |   122 |    54 ||   183
       Constrict         |    18 |    20 |    49 |    18 ||   105
       Tentacles         |    11 |    16 |    65 |    26 ||   118
       Kick              |     7 |     4 |    13 |       ||    24
       Hand axe          |    34 |     2 |       |    74 ||   110
       Punch             |     1 |     2 |     8 |     3 ||    14
       Mace              |       |    54 |   241 |    14 ||   309
Throw: Dart              |     1 |       |    27 |     6 ||    34
 Cast: Beastly Appendage |     6 |     3 |     9 |       ||    18
       Wereblood         |     1 |       |       |       ||     1
       Spider Form       |       |       |    14 |     1 ||    15
       Ice Form          |       |       |     2 |     3 ||     5
Invok: Potion Petition   |       |       |     1 |       ||     1
Evoke: Wand              |       |       |     1 |     4 ||     5
  Use: Scroll            |       |     4 |    10 |     7 ||    21
       Potion            |       |     3 |     4 |       ||     7
 Stab: Sleeping          |     2 |       |    16 |     3 ||    21
       Distracted        |       |       |     2 |     1 ||     3
       Invisible         |       |       |     1 |       ||     1
       Paralysed         |       |       |     1 |       ||     1
Armor: Skin              |     2 |    10 |    40 |    12 ||    64
Dodge: Dodged            |    16 |    43 |   329 |    99 ||   487
Block: Buckler           |       |       |    22 |    23 ||    45
